 Dungeon Crawl Stone Soup version 0.23-a0-473-gc8aadda (webtiles) character file.

108 theanonym the Skirmisher (level 4, -3/37 HPs)
             Began as a Mummy Warper on Nov 28, 2018.
             Slain by Edmund
             ... wielding a +7 dire flail of crushing
              (8 damage)
             ... on level 4 of the Dungeon.
             The game lasted 00:04:47 (3818 turns).

theanonym the Skirmisher (Mummy Warper)             Turns: 3818, Time: 00:04:48

Health: -3/37      AC:  9    Str: 15    XL:     4   Next: 58%
Magic:  8/8        EV:  6    Int:  9    God:
Gold:   202        SH:  0    Dex: 11    Spells: 8/8 levels left

rFire    x . .     SeeInvis .   b - +2 dagger (flame)
rCold    + . .     Gourm    .   (no shield)
rNeg     + + +     Faith    .   c - +0 chain mail
rPois    ∞         Spirit   .   (no helmet)
rElec    .         Reflect  .   (no cloak)
rCorr    .         Harm     .   j - +0 pair of gloves
MR       .....                  (no boots)
Stlth    ..........             (no amulet)
HPRegen  0.12/turn              d - ring of attention (curse)
MPRegen  0.11/turn              l - -3 ring of intelligence (curse)

@: no status effects
A: no food or potions, fire vulnerability, cold resistance 1, negative energy
resistance 3, torment resistance, unbreathing
a: no special abilities


Innate Abilities, Weirdness & Mutations

You do not eat or drink.
Your flesh is vulnerable to fire.
You are immune to poison.
Your flesh is cold resistant. (rC+)
You are immune to negative energy. (rN+++)
You are immune to unholy pain and torment.
You can survive without breathing.


   Skills:
 + Level 3.7 Fighting
 + Level 3.0 Short Blades
 - Level 0.7 Throwing
 - Level 0.7 Armour
 - Level 1.5 Dodging
 - Level 2.6 Spellcasting
   Level 2.4 Translocations


You had 8 spell levels left.
You didn't know any spells.
Your spell library contained the following spells:

 Spells                   Type           Power        Failure   Level  Hunger
 Blink                    Tloc           N/A          99%         2    N/A
 Shroud of Golubria       Chrm/Tloc      #.........   100%        2    N/A
 Gell's Gravitas          Tloc           #.........   100%        3    N/A
 Lesser Beckoning         Tloc           #.........   100%        3    N/A
 Teleport Other           Tloc           #.......     100%        3    N/A
 Passage of Golubria      Tloc           N/A          100%        4    N/A

Skill      XL: |  1  2  3  4 |
---------------+-------------+-----
Short Blades   | 2 3 |  3.0
Fighting       | 3 |  3.7
Throwing       | |  0.7
Armour         | |  0.7
Dodging        | |  1.5
Spellcasting   | |  2.6
Translocations | |  2.4

Action                   |  1- 3 |  4- 6 || total
-------------------------+-------+-------++-------
Melee: Short sword       |   214 |       ||   214
       Dagger            |       |    27 ||    27
Throw: Tomahawk          |       |     2 ||     2
  Use: Scroll            |     3 |     2 ||     5
Armor: Leather armour    |    37 |       ||    37
       Ring mail         |    29 |     5 ||    34
       Chain mail        |       |     9 ||     9
Dodge: Dodged            |   112 |    10 ||   122

Inventory:

Hand Weapons
 a - a +0 short sword
 b - a +2 dagger of flaming (weapon)
   (You took it off Jessica on level 3 of the Dungeon)
Missiles
 e - 3 tomahawks of dispersal (quivered)
Armour
 c - a +0 chain mail (worn)
   (You found it on level 3 of the Dungeon)
 g - a +0 ring mail
   (You found it on level 1 of the Dungeon)
 j - a +0 pair of gloves (worn)
   (You found it on level 1 of the Dungeon)
Jewellery
 d - a cursed ring of attention (left hand)
   (You found it on level 1 of the Dungeon)
 h - a +2 ring of slaying
   (You found it on level 1 of the Dungeon)
 l - a cursed -3 ring of intelligence (right hand)
   (You found it on level 2 of the Dungeon)
Scrolls
 f - a scroll of fog
 i - 2 scrolls of enchant weapon
 t - 2 scrolls of teleportation {!r}
 B - a scroll of blinking


You were on level 4 of the Dungeon.
You were not hungry.

You visited 1 branch of the dungeon, and saw 4 of its levels.

You collected 202 gold pieces.

Dungeon Overview and Level Annotations

Branches:
Dungeon (4/15)
 Temple: D:4-7

Altars:

Annotations:
D:3 Sigmund
D:4 Edmund, Pikel

# #### #. ..#
## ##.. ...
..# .....
#.##...##
#....#).......
#.....@@......
##.$.##.......
..... ##...##
.### ..# ##


You could see Edmund.

Notes
Turn   | Place    | Note
-------+----------+-------------------------------------------
     0 | D:1      | theanonym the Mummy Warper began the quest for the Orb.
     0 | D:1      | Reached XP level 1. HP: 16/16 MP: 4/4
    33 | D:1      | HP: 8/16 [rat (1)]
   216 | D:1      | HP: 7/16 [kobold/+0 whip (4)]
   462 | D:1      | Reached skill level 2 in Short Blades
   462 | D:1      | Reached XP level 2. HP: 13/23 MP: 5/5
   900 | D:1      | HP: 11/23 [dart slug/slug dart (8)]
  1385 | D:1      | Reached XP level 3. HP: 21/28 MP: 7/7
  1411 | D:1      | HP: 14/28 [dart slug/slug dart (2)]
  1622 | D:1      | Reached skill level 3 in Fighting
  2357 | D:3      | Noticed Jessica
  2372 | D:3      | Noticed Sigmund
  2603 | D:3      | Killed Jessica
  2603 | D:3      | Reached XP level 4. HP: 20/35 MP: 8/8
  2903 | D:3      | HP: 17/35 [Sigmund/+0 scythe (10)]
  2907 | D:3      | HP: 7/35 [Sigmund/puff of flame (6)]
  3340 | D:4      | Noticed Pikel
  3340 | D:4      | Noticed a slave
  3340 | D:4      | Noticed an ogre
  3340 | D:4      | Noticed a slave
  3340 | D:4      | Noticed a slave
  3353 | D:4      | Reached skill level 3 in Short Blades
  3364 | D:4      | Noticed a slave
  3538 | D:3      | HP: 15/37 [Sigmund/puff of flame (7)]
  3545 | D:3      | HP: 10/37 [Sigmund/puff of flame (6)]
  3804 | D:4      | HP: 3/37 [ogre/+0 giant spiked club (20)]
  3816 | D:4      | Noticed Edmund
  3818 | D:4      | Slain by Edmund

Vanquished Creatures
  Jessica (D:3)
  A worker ant (D:4)
  3 dart slugs (D:1)
  3 leopard geckos
  4 giant cockroaches
  6 goblins
  4 hobgoblins
  2 jackals (D:2)
  6 bats
  4 frilled lizards (D:1)
  7 kobolds
  8 rats
49 creatures vanquished.

Table legend:
 A = Turns spent in this place as a percentage of turns spent in the entire game.
 B = Non-inter-level travel turns spent in this place as a percentage of non-inter-level travel turns spent in the entire game.
 C = Inter-level travel turns spent in this place as a percentage of turns spent in this place.
 D = Turns resting spent in this place as a percentage of non-inter-level travel turns spent in this place.
 E = Turns spent auto-exploring this place as a percentage of non-inter-level travel turns spent in this place.
 F = Non-inter-level travel turns spent in this place divided by the number of levels of this place that you've seen.
                   A       B       C       D       E      F
               +-------+-------+-------+-------+-------+----------------------
         Total | 100.0 | 100.0 |   5.8 |  50.3 |  32.6 | 899.2
       Dungeon | 100.0 | 100.0 |   5.8 |  50.3 |  32.6 | 899.2
               +-------+-------+-------+-------+-------+----------------------
